[Event "Team 45 45 League T29"]
[Site "Internet Chess Club"]
[Date "2005.12.19"]
[Round "1"]
[White "houthakker"]
[Black "DTK"]
[Result "0-1"]
[WhiteElo "2020"]
[BlackElo "2089"]
[TimeControl "2700+45"]

1. d4 Nf6 2. Bg5 e6 3. e4 c5 4. c3 h6 5. Bxf6 Qxf6 6. Nf3 cxd4 7. cxd4 Bb4+ 8.
Nbd2 O-O 9. Bd3 Nc6 10. e5 Qd8 11. O-O d5 12. a3 Be7 13. b4 Qb6 14. Nb3 a5 15.
b5 a4 16. Nc5 Nxd4 17. Nxa4 Nxf3+ 18. gxf3 Qa5 19. Bc2 Bd7 20. Qd3 g6 21. Rab1
Rfc8 22. Kh1 Rxc2 23. Qxc2 Qxa4 24. Qc7 Bxb5 25. Qxe7 Bxf1 26. Rxf1 Qxa3 27. Qf6
Qd3 28. Qf4 Qxf1# {White checkmated} 0-1  aics%

[Event "Team 45 45 League T29"]
[Site "Internet Chess Club"]
[Date "2005.12.17"]
[Round "1"]
[White "camembert"]
[Black "Sergio56"]
[Result "1-0"]
[WhiteElo "1878"]
[BlackElo "1879"]
[TimeControl "2700+45"]

1. d4 Nf6 2. c4 e5 3. dxe5 Ne4 4. Nf3 Bb4+ 5. Nbd2 Nc6 6. a3 Bxd2+ 7. Bxd2 Nxd2
8. Qxd2 O-O 9. e3 Qe7 10. Be2 Nxe5 11. O-O d6 12. Rac1 Re8 13. Rfd1 Bd7 14. Nxe5
Qxe5 15. c5 Ba4 16. Re1 dxc5 17. Qa5 Bc6 18. Rxc5 Qxb2 19. Qxc7 Qxa3 20. Rf5 Re7
21. Qf4 Rf8 22. Bc4 Qa4 23. Rc1 b5 24. Bxf7+ Rexf7 25. Qxa4 bxa4 26. Rxf7 Rxf7
27. Rxc6 Rb7 28. f4 a3 29. Ra6 Rb3 30. Kf2 Rb2+ 31. Kf3 a2 32. Rxa7 h6 33. f5
Kf8 34. e4 Rb3+ 35. Kf4 Rb2 36. g4 Rxh2 37. e5 Rb2 38. f6 gxf6 39. exf6 Rf2+ 40.
Ke5 Ke8 41. Ke6 Re2+ 42. Kf5 Rg2 43. f7+ Kf8 44. Kf6 Rf2+ 45. Kg6 Rf4 46. g5
hxg5 47. Rxa2 g4 48. Ra8+ Ke7 49. Re8+ {Black resigns} 1-0  aics%

[Event "Team 45 45 League T29"]
[Site "Internet Chess Club"]
[Date "2005.12.17"]
[Round "1"]
[White "alastorx"]
[Black "Boromir"]
[Result "0-1"]
[WhiteElo "1800"]
[BlackElo "1860"]
[TimeControl "2700+45"]

1. d4 Nf6 2. Nf3 e6 3. e3 c5 4. Bd3 d5 5. c3 Bd6 6. O-O O-O 7. Nbd2 Nc6 8. dxc5
Bxc5 9. Qe2 e5 10. e4 d4 11. Nb3 Bb6 12. cxd4 Bxd4 13. Nbxd4 Nxd4 14. Nxd4 Qxd4
15. Be3 Qb4 16. a3 Qe7 17. Rac1 b6 18. f3 Be6 19. Ba6 Rad8 20. Rc3 Bc8 21. Bb5
Bb7 22. Rfc1 Rc8 23. Rxc8 Rxc8 24. Rxc8+ Bxc8 25. Qc4 Bb7 26. Qa4 Bc8 27. Bc4
Qc7 28. Qb3 Ne8 29. Bd2 Nd6 30. Bd5 Kh8 31. Bb4 f6 32. Be6 Ba6 33. Qd1 Nb7 34.
Qa4 Qc1+ 35. Kf2 Qf1+ 36. Kg3 Qb5 37. Qc2 Nc5 38. Ba2 Qd3 39. Qc1 Nxe4+ 40. Kh3
Qd7+ 41. g4 Ng5+ 42. Kg3 Bb7 43. Qc4 Qc8 44. Qb3 Nxf3 45. h4 Nd4 46. Qf7 Ne2+
47. Kf2 Nf4 48. Bb1 Bd5 49. Qxa7 Be6 50. Qxb6 Bxg4 51. a4 Nd5 52. Qb5 Nxb4 53.
Qxb4 Bf5 54. Bxf5 Qxf5+ 55. Ke2 h6 56. a5 e4 57. Qb6 Qf3+ 58. Kd2 Qd3+ 59. Ke1
e3 60. Qb4 Qf5 61. Qb8+ Kh7 62. Qb4 Qf2+ 63. Kd1 e2+ {White resigns} 0-1  aics% 
Ianjo(71): t pear join aics%

[Event "Team 45 45 League T29"]
[Site "Internet Chess Club"]
[Date "2005.12.18"]
[Round "1"]
[White "Izeelden"]
[Black "parrot9"]
[Result "1/2-1/2"]
[WhiteElo "1663"]
[BlackElo "1702"]
[TimeControl "2700+45"]

1. e4 c5 2. Nf3 d6 3. h3 Nc6 4. Bb5 Bd7 5. Bxc6 Bxc6 6. d3 e6 7. O-O Nf6 8. Bg5
Be7 9. Nc3 O-O 10. Re1 a6 11. e5 Bxf3 12. Qxf3 dxe5 13. Rxe5 h6 14. Bxf6 Bxf6
15. Rxc5 Rc8 16. Na4 b5 17. Rxc8 Qxc8 18. Nc3 Bxc3 19. bxc3 Qxc3 20. Rc1 Qb2 21.
Qd1 Rc8 22. c4 bxc4 23. Rxc4 Rxc4 24. dxc4 Qxa2 25. c5 Qa5 26. c6 Qc5 27. Qd8+
Kh7 28. c7 Qc1+ 29. Kh2 Qf4+ 30. Kg1 Qc1+ 31. Kh2 Qf4+ 32. g3 Qxf2+ 33. Kh1 Qf1+
34. Kh2 Qf2+ 35. Kh1 Qf1+ {Game drawn by mutual agreement} 1/2-1/2  aics%

[Event "Team 45 45 League T29"]
[Site "Internet Chess Club"]
[Date "2005.12.16"]
[Round "1"]
[White "Mikey29a"]
[Black "Pawndemonium"]
[Result "1/2-1/2"]
[WhiteElo "1649"]
[BlackElo "1543"]
[TimeControl "2700+45"]

1. e4 c6 2. d4 d5 3. e5 Bf5 4. Nc3 e6 5. g4 Bg6 6. Nge2 c5 7. Be3 Nc6 8. h4 h6
9. Nf4 Bh7 10. Bd3 cxd4 11. Bxd4 Nxd4 12. Bxh7 Qb6 13. Bxg8 Rxg8 14. Rb1 Bc5 15.
Na4 Qa5+ 16. c3 Nc6 17. Nxc5 Qxc5 18. Nd3 Qc4 19. a3 Nxe5 20. Nxe5 Qe4+ 21. Kd2
Qxe5 22. Qa4+ Ke7 23. Qb4+ Kd7 24. Qxb7+ Qc7 25. Qxc7+ Kxc7 26. b4 Kd6 27. a4
Rgc8 28. Rhc1 Rc4 29. f3 Rac8 30. a5 d4 31. cxd4 Rxd4+ 32. Ke2 Rxc1 33. Rxc1
Rxb4 34. Rd1+ Ke7 35. Rc1 Rb7 36. a6 Rd7 37. Rb1 Kd6 38. Rb8 Kc6 39. Rg8 f6 40.
Re8 e5 41. g5 hxg5 42. hxg5 fxg5 43. Rxe5 Kb6 44. Re6+ Kc5 45. Rg6 Kb5 46. Ke3
Rd5 47. Ke4 Rc5 48. Kd4 Rc4+ 49. Ke5 Rc5+ 50. Kd4 Rc4+ 51. Ke5 Rf4 52. Rxg5 Rxf3
53. Rxg7 Kxa6 54. Kd4 Rb3 55. Kc4 Rb6 56. Rg3 Kb7 57. Rb3 Rxb3 58. Kxb3 Kb6 59.
Kb4 a6 60. Ka4 a5 61. Ka3 Kb5 62. Kb3 a4+ 63. Ka3 Ka5 64. Ka2 Kb4 65. Kb2 Kc4
66. Ka3 Kb5 67. Ka2 Kb4 68. Kb2 Kc4 69. Ka3 Kb5 70. Ka2 {Game drawn by mutual
agreement} 1/2-1/2  aics%

[Event "Team 45 45 League T29"]
[Site "Internet Chess Club"]
[Date "2005.12.17"]
[Round "1"]
[White "softpawn"]
[Black "Invicta-Knight"]
[Result "0-1"]
[WhiteElo "1446"]
[BlackElo "1486"]
[TimeControl "2700+45"]

1. e4 e5 2. Nf3 Nc6 3. d4 exd4 4. Bc4 Bc5 5. c3 dxc3 6. Bxf7+ Kxf7 7. Qd5+ Ke8
8. Qxc5 Qe7 9. Qe3 Nb4 10. Qe2 b6 11. a3 Ba6 12. Qd1 Qxe4+ 13. Be3 Nc2+ {White
resigns} 0-1  aics%      **ANNOUNCEMENT** from ROBOadmin: *** GRANDMASTER versus
GRANDMASTER!!  GM Azmaiparashvili is playing GM Shirav!  Type "observe
Azmaiparashvili" to watch the rated blitz 3 0 game.  aics%

[Event "Team 45 45 League T29"]
[Site "Internet Chess Club"]
[Date "2005.12.18"]
[Round "1"]
[White "boozehound"]
[Black "sifuhall"]
[Result "1-0"]
[WhiteElo "1497"]
[BlackElo "1406"]
[TimeControl "2700+45"]

1. e4 e5 2. Nf3 Nc6 3. Bc4 Bc5 4. c3 Nf6 5. d4 exd4 6. cxd4 Bb4+ 7. Bd2 O-O 8.
e5 Re8 9. Bxb4 Nxb4 10. O-O Ne4 11. Qb3 d5 12. exd6 Be6 13. Bxe6 Rxe6 14. Qxb4
Rxd6 15. Nbd2 Nxd2 16. Qxd2 c5 17. Rad1 Qf6 18. Qg5 Qxg5 19. Nxg5 cxd4 20. Rd3
h6 21. Nf3 Rc8 22. Nxd4 Rc4 23. Rfd1 f6 24. g3 Kf7 25. Kg2 Rc5 26. Nb3 Rxd3 27.
Rxd3 Rc2 28. Rd2 Rxd2 29. Nxd2 b5 30. Kf3 Ke6 31. Ke4 a5 32. f4 Kd6 33. Nb3 f5+
34. Kxf5 {Black resigns} 1-0  aics%

[Event "Team 45 45 League T29"]
[Site "Internet Chess Club"]
[Date "2005.12.17"]
[Round "1"]
[White "Avedldesierto"]
[Black "CraigCKlein"]
[Result "1-0"]
[WhiteElo "1765"]
[BlackElo "1770"]
[TimeControl "2700+45"]

1. e4 c5 2. Nf3 e6 3. d4 cxd4 4. Nxd4 a6 5. Bd3 Bc5 6. Be3 Qf6 7. c3 Ba7 8. Nd2
Nc6 9. N2b3 Nge7 10. Qd2 Ne5 11. f3 Nxd3+ 12. Qxd3 d5 13. O-O-O O-O 14. Rhe1
dxe4 15. Qxe4 e5 16. Nc2 Bf5 17. Qxb7 Bxc2 18. Kxc2 Bxe3 19. Rxe3 Qg6+ 20. Kc1
Qg5 21. Qe4 Nf5 22. f4 exf4 23. Rf3 Nh4 24. Rd5 Qxg2 25. Rxf4 Qg1+ 26. Rd1 Qg5
27. Nd2 Ng6 28. Rg4 Qh6 29. Rg2 Rfe8 30. Qc4 Ne5 31. Qd4 Rad8 32. Qa7 Nc4 33.
Qf2 Ne3 34. Rxg7+ Qxg7 35. Rg1 Ng4 36. Qg3 h5 37. h3 f5 38. hxg4 hxg4 39. Qf4
Qe5 40. Qg5+ Kf8 41. Rf1 Rd5 42. Qxg4 Ke7 43. Qb4+ Kd8 44. Qb6+ Qc7 45. Qf6+ Kc8
46. Qxa6+ Kb8 47. Qa4 Re2 48. Qb3+ Qb7 49. Nf3 Qxb3 50. axb3 Ra5 51. Kb1 Rd5 52.
Nd4 Rxd4 53. cxd4 Re4 54. Rxf5 Rxd4 55. Kc2 Kb7 56. Kc3 Rg4 57. b4 Kb6 58. Kb3
Re4 59. Ka4 Re2 60. Rb5+ Ka6 61. Ra5+ Kb6 62. Kb3 Re4 63. Kc3 Rg4 64. Rd5 Rg3+
65. Rd3 Rg4 66. b3 Kb5 67. Rd5+ Kb6 68. Rd4 Rg3+ 69. Kc4 Kc6 70. b5+ Kc7 71. b4
Rg6 72. Kc5 Rg5+ 73. Rd5 Rg6 74. Rf5 Re6 75. Rf7+ Kb8 76. b6 Rg6 77. Kb5 Rg1 78.
Rd7 Rc1 79. Ka6 Ra1+ 80. Kb5 Rc1 81. b7 Rg1 82. Ka5 Ra1+ 83. Kb6 {Black resigns}
1-0  aics% 



Avedldesierto(71): nosotros  sufrimos  en  todas  las  partidas  y arriero  gana  facil  la  suya  ...   asi no es  arriero  .. debes  sufrir  un poco  :=)
aics%

[Event "ICC 45 45"]
[Site "Internet Chess Club"]
[Date "2005.12.18"]
[Round "1"]
[White "tammany"]
[Black "MoluscoGrotesco"]
[Result "1-0"]
[WhiteElo "1601"]
[BlackElo "1728"]
[TimeControl "2700+45"]

1. e4 e5 2. Nf3 Nc6 3. Bb5 d6 4. h3 Nf6 5. d4 exd4 6. Nxd4 Bd7 7. O-O Ne5 8.
Bxd7+ Qxd7 9. f4 Nc6 10. Nc3 O-O-O 11. Nxc6 Qxc6 12. Qd4 d5 13. Be3 b6 14. e5
Bc5 15. Qd3 Bxe3+ 16. Kh1 Ne4 17. Nxe4 dxe4 18. Qxe3 Qxc2 19. Qa3 a5 20. Rac1
Qd3 21. Qa4 Qd5 22. Rfd1 Qb7 23. Rd4 Rxd4 24. Qxd4 Rd8 25. Qc4 Rd5 26. Re1 Rd2
27. Qxf7 Qc6 28. Qxg7 e3 29. Rxe3 Rd1+ 30. Kh2 Qc1 31. Rc3 Qxf4+ 32. Qg3 Qf1 33.
Qf3 Qg1+ 34. Kg3 Qe1+ 35. Kg4 Rd4+ 36. Kf5 Qb1+ 37. Ke6 Qxa2+ 38. b3 Kb8 39. Qc6
Ka7 40. Qxc7+ Ka6 41. Qc8+ Kb5 42. Qc6+ Ka6 43. Rc5 Qxb3+ 44. Ke7 Rd8 45. Kxd8
Qg8+ 46. Kd7 Qg7+ 47. Kc8 Qf8+ 48. Kc7 Qe7+ 49. Kc8 Qf8+ 50. Kd7 Qg7+ 51. Kd6
Qg6+ 52. e6 Qd3+ 53. Ke7 Qg3 {Black resigns} 1-0  aics%

[Event "Team 45 45 League T29"]
[Site "Internet Chess Club"]
[Date "2005.12.18"]
[Round "1"]
[White "pumba"]
[Black "dougmo"]
[Result "1-0"]
[WhiteElo "1533"]
[BlackElo "1511"]
[TimeControl "2700+45"]

1. e4 e6 2. d4 d5 3. Nd2 dxe4 4. Nxe4 Bd7 5. Nf3 Bc6 6. Bd3 Nd7 7. c3 Be7 8. O-O
Ngf6 9. Re1 Nxe4 10. Bxe4 Bxe4 11. Rxe4 O-O 12. Qb3 Qc8 13. Bg5 Re8 14. Rae1 c6
15. Bxe7 Rxe7 16. Qb4 c5 17. dxc5 Nxc5 18. R4e3 Rd7 19. Ne5 Rd5 20. Qg4 f6 21.
Rg3 Qc7 22. Nf3 Re8 23. Nd4 Qf7 24. Rge3 e5 25. Nf5 Ne6 26. Nh6+ Kf8 27. Nxf7
Kxf7 28. Qh5+ {Black resigns} 1-0  aics%

[Event "Team 45 45 League T29"]
[Site "Internet Chess Club"]
[Date "2005.12.19"]
[Round "1"]
[White "Two-DogMan"]
[Black "Tomate"]
[Result "1-0"]
[WhiteElo "1515"]
[BlackElo "1426"]
[TimeControl "2700+45"]

1. e4 c5 2. Nc3 Nc6 3. Nf3 d6 4. h3 g6 5. d4 cxd4 6. Nxd4 Bg7 7. Nxc6 bxc6 8.
Bd3 Nf6 9. O-O O-O 10. Ne2 Bb7 11. Ng3 e6 12. Qe2 d5 13. Ba6 Bxa6 14. Qxa6 Qc7
15. exd5 Nxd5 16. Qc4 Be5 17. c3 Bxg3 18. fxg3 Qxg3 19. Bh6 Rfe8 20. Qxc6 Qh4
21. Bc1 Ne7 22. Qf3 Nf5 23. b4 Rac8 24. Bb2 Rf8 25. Rac1 Rc4 26. a4 Qg5 27. Qd3
Nh4 28. Rf2 Rf4 29. Rcf1 Rxf2 30. Rxf2 Rd8 31. Qf1 Rd5 32. c4 Rf5 33. Rxf5 Nxf5
34. Bc1 Qe7 35. c5 Qb7 36. Qc4 Ne7 37. Bb2 Nd5 38. Qd4 Qxb4 39. Qg7# {Black
checkmated} 1-0  aics%

[Event "Team 45 45 League T29"]
[Site "Internet Chess Club"]
[Date "2005.12.16"]
[Round "1"]
[White "Tomate"]
[Black "jientho"]
[Result "1-0"]
[WhiteElo "1439"]
[BlackElo "1408"]
[TimeControl "2700+45"]

1. c4 c5 2. Nf3 Nf6 3. g3 b6 4. Bg2 Bb7 5. O-O e6 6. Nc3 Be7 7. b3 Nc6 8. e3 d5
9. Bb2 d4 10. exd4 cxd4 11. Nb5 Bc5 12. Nfxd4 Bxd4 13. Nxd4 Rc8 14. Nb5 a6 15.
Bxf6 gxf6 16. Nc3 Ne5 17. Bxb7 Rc7 18. Bg2 f5 19. Qe2 Nd3 20. Nd5 Rd7 21. Qxd3
exd5 22. Bxd5 b5 23. Bc6 bxc4 24. Bxd7+ Qxd7 25. Qxd7+ Kxd7 26. bxc4 Re8 27.
Rfe1 Re4 28. d3 Rd4 29. Red1 f4 30. Kg2 h5 31. Kf3 Ke6 32. Rab1 Kf5 33. gxf4
Rxf4+ 34. Ke2 Kg4 35. Rh1 Rd4 36. Rb7 f5 37. Rg7+ Kf4 38. h4 Rd6 39. Rhg1 Re6+
40. Kf1 Rd6 41. R1g3 Ke5 42. R7g6 Rd4 43. Rxa6 Rxh4 44. Ra5+ Kf6 45. Rf3 Rh1+
46. Kg2 Rd1 47. Raxf5+ Kg6 48. c5 Rc1 49. Rf6+ Kg5 50. c6 Rc2 51. a4 Rc5 52. d4
Rc4 53. d5 Rg4+ 54. Kf1 Rxa4 55. c7 Rc4 56. d6 Rc1+ 57. Kg2 Rc6 58. Rf8 Kg4 59.
c8=Q+ Rxc8 60. Rxc8 h4 61. d7 h3+ 62. Rxh3 Kg5 63. d8=Q+ Kg6 64. Rc5 Kg7 65. Qd6
Kg8 66. Rg5+ Kf7 67. Rf3+ Ke8 68. Re5# {Black checkmated} 1-0  aics%

[Event "Team 45 45 League T29"]
[Site "Internet Chess Club"]
[Date "2005.12.16"]
[Round "1"]
[White "Knight-Rookie"]
[Black "moreffee"]
[Result "0-1"]
[WhiteElo "1359"]
[BlackElo "1363"]
[TimeControl "2700+45"]

1. d4 Nf6 2. c4 c5 3. d5 d6 4. Nf3 g6 5. Nc3 Bg7 6. e4 Nbd7 7. Bd3 Ng4 8. O-O
Nge5 9. Bc2 Nb6 10. Nxe5 dxe5 11. b3 O-O 12. Bb2 Nd7 13. Ne2 Qc7 14. Qd2 Nf6 15.
Qg5 h6 16. Qxe5 Qxe5 17. Bxe5 Nd7 18. Bxg7 Kxg7 19. f4 Rd8 20. e5 Nf8 21. Nc3 a6
22. a4 b6 23. Be4 Ra7 24. Rad1 Bb7 25. h4 Ba8 26. f5 g5 27. hxg5 hxg5 28. f6+
exf6 29. Rxf6 Re7 30. Rf5 Ng6 31. Rxg5 Rxe5 32. Rxe5 Nxe5 33. d6 Bxe4 34. Nxe4
Nd7 35. Kf2 Re8 36. Kf3 Kg6 37. Kf4 f5 38. Nc3 Rh8 39. Nd5 Rh4+ 40. Kg3 Re4 41.
Rd3 Kg5 42. Re3 Rxe3+ 43. Nxe3 f4+ 44. Kf3 fxe3 45. Kxe3 Kf5 46. g3 Ke5 47. g4
Kxd6 48. Kf4 Ke6 49. Kg5 Kf7 50. Kh6 Kg8 51. g5 Ne5 52. g6 Ng4+ 53. Kg5 Ne3 54.
Kf6 Nc2 55. Ke7 Nd4 56. Kd6 Nxb3 57. Kc6 b5 58. axb5 axb5 59. Kxb5 Kg7 60. Ka4
Nd2 61. Kb5 Ne4 62. Kc6 Kxg6 63. Kd5 Kf5 64. Kc6 Ke5 65. Kb5 Kd4 66. Kc6 Nd2 67.
Kb5 Nxc4 68. Kc6 Ne3 69. Kb5 c4 70. Kb4 c3 71. Kb3 c2 72. Kb2 Kd3 73. Kc1 Nd5
74. Kb2 Kd2 75. Kb3 c1=Q 76. Ka4 Qb2 77. Ka5 Qb6+ 78. Ka4 Qb4# {White
checkmated} 0-1  aics%

[Event "Team 45 45 League T29"]
[Site "Internet Chess Club"]
[Date "2005.12.16"]
[Round "1"]
[White "slakkjaw"]
[Black "GLuft"]
[Result "0-1"]
[WhiteElo "1178"]
[BlackElo "1086"]
[TimeControl "2700+45"]

1. d4 Nf6 2. Nc3 e6 3. Nf3 h6 4. d5 Bb4 5. dxe6 fxe6 6. Bd2 Qe7 7. g3 Nc6 8. Bg2
d5 9. a3 Bxc3 10. Bxc3 Bd7 11. Nd2 O-O-O 12. O-O Ng4 13. Bh3 h5 14. e3 e5 15. b4
Rhf8 16. b5 Nxf2 17. Rxf2 Bxh3 18. bxc6 Rxf2 19. Kxf2 Rf8+ 20. Kg1 Qc5 21. cxb7+
Kb8 22. Kh1 Qxe3 23. Bb4 Rf2 24. Qxh5 Bg2+ 25. Kg1 Rxd2# {White checkmated} 0-1 
aics%

[Event "Team 45 45 League T29"]
[Site "Internet Chess Club"]
[Date "2005.12.18"]
[Round "1"]
[White "G11825"]
[Black "chevalpnh"]
[Result "0-1"]
[WhiteElo "1377"]
[BlackElo "1379"]
[TimeControl "2700+45"]

1. e4 c6 2. Nf3 d5 3. exd5 cxd5 4. Bb5+ Bd7 5. Nc3 Bxb5 6. Nxb5 a6 7. Nbd4 Nf6
8. d3 e6 9. O-O Bd6 10. Bg5 h6 11. Bh4 g5 12. Bg3 O-O 13. Bxd6 Qxd6 14. Qd2 Nbd7
15. h3 Kh7 16. Rfe1 Rg8 17. c3 Nh5 18. Ne2 e5 19. Rad1 Rae8 20. Qc2 Qg6 21. Qb3
Qc6 22. d4 e4 23. Qc2 Qg6 24. Ne5 Nxe5 25. dxe5 Rxe5 26. Qb3 Qc6 27. Nd4 Qd7 28.
Qc2 Nf4 29. Kh2 g4 30. Qd2 Nd3 31. Re3 Qd6 32. Kg1 Qg6 33. Rg3 f5 34. f3 Qh5 35.
hxg4 fxg4 36. Rh3 gxh3 37. g3 Rxg3+ 38. Kh2 Rg2+ 39. Qxg2 hxg2+ 40. Kxg2 Rg5+
41. Kf1 Qh1+ 42. Ke2 Qg2+ 43. Ke3 Qf2# {White checkmated} 0-1  aics%

[Event "Team 45 45 League T29"]
[Site "Internet Chess Club"]
[Date "2005.12.18"]
[Round "1"]
[White "LaskerFan"]
[Black "PaleMorningDun"]
[Result "1-0"]
[WhiteElo "1310"]
[BlackElo "1260"]
[TimeControl "2700+45"]

1. e4 d5 2. exd5 Nf6 3. d4 Bg4 4. Be2 Bxe2 5. Qxe2 Qxd5 6. Nf3 e6 7. O-O Nc6 8.
Be3 O-O-O 9. c3 Ng4 10. Nbd2 Bd6 11. b4 Qh5 12. h3 Nxe3 13. Qxe3 Ne7 14. a4 Nd5
15. Qd3 g5 16. Rfe1 g4 17. hxg4 Qxg4 18. Re5 Bxe5 19. Nxe5 Qg7 20. a5 Rhg8 21.
Qf3 Nxc3 22. a6 Ne2+ 23. Kf1 Nxd4 24. Qxb7# {Black checkmated} 1-0  aics%

[Event "Team 45 45 League T29"]
[Site "Internet Chess Club"]
[Date "2005.12.16"]
[Round "1"]
[White "Mutaant"]
[Black "JimGaming"]
[Result "1-0"]
[WhiteElo "1338"]
[BlackElo "1284"]
[TimeControl "2700+45"]

1. e4 e5 2. Nf3 Nc6 3. Bb5 Nf6 4. d3 Bc5 5. O-O Nd4 6. Bc4 d6 7. Be3 Bg4 8. Nbd2
O-O 9. h3 Bh5 10. c3 Nxf3+ 11. Nxf3 Bxe3 12. fxe3 a6 13. Qe1 b5 14. Bb3 c5 15.
Qh4 h6 16. Nh2 g5 17. Qf2 Kg7 18. Qg3 Be2 19. h4 Nh5 20. Qf2 Bxf1 21. Rxf1 f6
22. g4 Qe7 23. gxh5 Rac8 24. Qf5 Kh8 25. Bd5 Rcd8 26. Ng4 Qg7 27. Qg6 gxh4 28.
Qxh6+ Qxh6 29. Nxh6 Rd7 30. Kh2 Rg7 31. Nf5 Rg5 32. h6 Rd8 33. Kh3 Rd7 34. Nxh4
Rh5 35. Rxf6 Kh7 36. Kg4 Rxh6 37. Rxh6+ Kxh6 38. Nf5+ Kg6 39. d4 Kf6 40. b4 cxb4
41. cxb4 Rd8 42. Bb7 Rg8+ 43. Kf3 exd4 44. exd4 Rg1 45. Bxa6 Ra1 46. Bxb5 Rxa2
47. Bc6 Ke6 48. d5+ Ke5 49. b5 Rb2 50. Ne3 Rb3 51. b6 Kd4 52. b7 Rxe3+ 53. Kf2
Rb3 54. Ke2 Kxe4 55. Kd2 Rb6 56. Kc3 Rb1 57. Kc4 Rb6 58. Kc3 Rb1 59. Kd2 Kd4 60.
Ke2 Kc5 61. Kf3 Rb6 62. Kf4 Rb4+ 63. Kf5 Rb6 64. Ke6 Rb4 65. Kd7 Rb6 66. Kc7 Rb4
67. b8=Q Rxb8 68. Kxb8 Kb6 69. Kc8 Kc5 70. Kd7 Kd4 71. Kxd6 Kd3 72. Kc5 Kc3 73.
d6 {Black resigns} 1-0  aics%

[Event "Team 45 45 League T29"]
[Site "Internet Chess Club"]
[Date "2005.12.19"]
[Round "1"]
[White "Digitalpawn"]
[Black "pk4"]
[Result "0-1"]
[WhiteElo "1228"]
[BlackElo "1373"]
[TimeControl "2700+45"]

1. d4 d5 2. c4 e6 3. Nc3 Be7 4. Nf3 c5 5. e3 Nf6 6. Bd3 dxc4 7. Bxc4 cxd4 8.
Bb5+ Bd7 9. Nxd4 Bxb5 10. Ncxb5 O-O 11. O-O Qd7 12. Qe2 Rd8 13. e4 Nc6 14. Qd3
Nxd4 15. Nxd4 Qxd4 16. Qb5 Qxe4 17. f3 Qd4+ 18. Rf2 Bc5 19. Qe2 Qd1+ 20. Qf1
Qxf1+ 21. Kxf1 Bxf2 22. Kxf2 Rd1 23. g4 Rc8 24. Kg3 Rcxc1 25. Rxc1 Rxc1 26. Kh4
Rc2 27. h3 Rxb2 28. Kg5 h6+ 29. Kh4 Rxa2 30. g5 hxg5+ 31. Kxg5 Ra3 32. h4 Rxf3
33. h5 Rf5+ 34. Kh4 Nxh5 35. Kg4 a5 36. Kh3 a4 37. Kg2 a3 38. Kh1 a2 39. Kg2
a1=Q 40. Kh3 Qa4 41. Kg2 Rb5 42. Kh3 Rb3+ {White resigns} 0-1  aics%

[Event "Team 45 45 League T29"]
[Site "Internet Chess Club"]
[Date "2005.12.17"]
[Round "1"]
[White "martineden"]
[Black "MrLee"]
[Result "1-0"]
[WhiteElo "1763"]
[BlackElo "1610"]
[TimeControl "2700+45"]

1. d4 d5 2. c4 e6 3. Nc3 c5 4. cxd5 exd5 5. dxc5 d4 6. Ne4 Bf5 7. Ng3 Be6 8. b4
Nc6 9. a3 a5 10. Bd2 axb4 11. axb4 Rxa1 12. Qxa1 Nf6 13. Nf3 Bc4 14. Nf5 Ne4 15.
N5xd4 Nxd2 16. Nxc6 bxc6 17. Nxd2 Bd5 18. Qe5+ Be6 19. e3 Qd5 20. Qxd5 Bxd5 21.
e4 Be6 22. Bc4 Bd7 23. Nf3 Be7 24. Ne5 Rf8 25. Nxd7 Kxd7 26. Kd2 Rb8 27. Rd1 Ke8
28. Kc3 Bf6+ 29. Kb3 Be5 30. g3 g5 31. h4 h6 32. Rd2 Ke7 33. h5 f6 34. g4 Rb7
35. f3 Bg3 36. Ra2 Be1 37. Ra4 Rb8 38. Bd5 cxd5 39. exd5 Kd7 40. Kc4 Bf2 41.
Ra7+ Kc8 42. Rh7 Be1 43. Rh8+ {Black resigns} 1-0  aics%

[Event "Team 45 45 League T29"]
[Site "Internet Chess Club"]
[Date "2005.12.23"]
[Round "1"]
[White "tryanything"]
[Black "BorgCollective"]
[Result "1/2-1/2"]
[WhiteElo "1593"]
[BlackElo "1559"]
[TimeControl "2700+45"]

1. e4 d5 2. exd5 Qxd5 3. Nc3 Qa5 4. Nf3 Bg4 5. Be2 Nf6 6. d4 Ne4 7. Bd2 Nxd2 8.
Qxd2 Nd7 9. h3 Bh5 10. O-O e6 11. a3 c6 12. Rfe1 Be7 13. Rad1 O-O 14. Qe3 Rad8
15. Ne5 Bxe2 16. Rxe2 Nxe5 17. dxe5 h6 18. Red2 Rxd2 19. Rxd2 Rd8 20. Rxd8+ Qxd8
21. Ne4 b6 22. Qd2 Qc7 23. Nd6 Bg5 24. f4 Bh4 25. Qd3 b5 26. g3 Qb6+ 27. Kg2 Be7
28. Nc8 Qc7 29. Nxe7+ Qxe7 30. b4 Qb7 31. Kf2 Qb6+ 32. Ke2 Qg1 33. Qf3 Qh2+ 34.
Kd3 Qxh3 35. c4 bxc4+ 36. Kxc4 Qf5 37. Qxc6 Qc2+ 38. Kb5 Qd3+ 39. Qc4 Qxa3 40.
Qc8+ Kh7 41. Qc2+ Kg8 42. Qc8+ Kh7 43. Qc2+ {Game drawn by mutual agreement}
1/2-1/2  aics%

[Event "Team 45 45 League T29"]
[Site "Internet Chess Club"]
[Date "2005.12.17"]
[Round "1"]
[White "stan194803"]
[Black "Fineas-Fogg"]
[Result "1-0"]
[WhiteElo "1387"]
[BlackElo "1502"]
[TimeControl "2700+45"]

1. e4 e6 2. Nf3 d5 3. exd5 exd5 4. d4 Bd6 5. Bg5 f6 6. Be3 Ne7 7. a3 O-O 8. Nc3
Re8 9. Be2 Bg4 10. Nb5 Nf5 11. Nxd6 Qxd6 12. Qd2 Nxe3 13. fxe3 Bxf3 14. gxf3 Nc6
15. Bb5 Re7 16. O-O-O Rae8 17. Rde1 a6 18. Bxc6 Qxc6 19. f4 b6 20. h4 a5 21.
Rhg1 a4 22. Qg2 Qc4 23. Kb1 b5 24. h5 b4 25. h6 g6 26. f5 g5 27. Qe2 Qxe2 28.
Rxe2 Rxe3 29. Rxe3 Rxe3 30. axb4 Rf3 31. Re1 Rxf5 32. Re8+ Kf7 33. Rc8 Rf4 34.
Rxc7+ Ke6 35. Rxh7 Rxd4 36. Rb7 Rh4 37. h7 Kf5 38. Ka2 Ke4 39. Ka3 g4 40. Kxa4
f5 41. b5 g3 42. Rg7 f4 43. b6 Rh1 44. b7 Ra1+ 45. Kb3 {Black resigns} 1-0 
aics%

[Event "Team 45 45 League T29"]
[Site "Internet Chess Club"]
[Date "2005.12.16"]
[Round "1"]
[White "gravitydk"]
[Black "calily"]
[Result "1-0"]
[WhiteElo "1788"]
[BlackElo "1641"]
[TimeControl "2700+45"]

1. d4 d5 2. c4 c6 3. Nf3 Nf6 4. Nc3 e6 5. Bg5 Nbd7 6. e4 dxe4 7. Nxe4 h6 8. Bh4
Be7 9. Nc3 O-O 10. Bd3 Qc7 11. O-O a6 12. Re1 Re8 13. Bg3 Bd6 14. Ne5 b5 15. c5
Bxe5 16. dxe5 Nd5 17. Nxd5 cxd5 18. Rc1 Bb7 19. b4 Bc6 20. Qh5 a5 21. bxa5 Qxa5
22. Bf4 Kf8 23. Re3 Qd2 24. Rf3 Qb2 25. Rb1 Qxa2 26. Bxh6 Nxe5 27. Bxg7+ Kxg7
28. Qxe5+ Kf8 29. Qd6+ Kg7 30. Qxc6 Rec8 31. Qd6 Rd8 32. Qe5+ Kf8 33. Qxe6 Ra7
34. Qh6+ Ke8 35. Re1+ Kd7 36. Rxf7+ {Black resigns} 1-0  aics%

[Event "Team 45 45 League T29"]
[Site "Internet Chess Club"]
[Date "2005.12.19"]
[Round "1"]
[White "egd01"]
[Black "stakastra"]
[Result "1/2-1/2"]
[WhiteElo "1449"]
[BlackElo "1574"]
[TimeControl "2700+45"]

1. e4 e5 2. Nf3 Nc6 3. Bb5 Nf6 4. O-O Nxe4 5. Re1 d5 6. Nxe5 Bd7 7. Nxd7 Qxd7 8.
d3 a6 9. Bxc6 Qxc6 10. dxe4 O-O-O 11. Qg4+ Kb8 12. Qd1 Bc5 13. e5 h6 14. Qf3 Qe6
15. Bf4 g5 16. Bg3 f5 17. h3 f4 18. Bh2 h5 19. h4 g4 20. Qc3 Bxf2+ 21. Kxf2 g3+
22. Bxg3 fxg3+ 23. Qxg3 Rdf8+ 24. Ke2 Rhg8 25. Qh2 Qg4+ 26. Kd2 Rf2+ 27. Kc1
Rxg2 28. Qxg2 Qxg2 29. b3 Qg3 30. Re2 Qf4+ 31. Nd2 Qd4 32. Nf3 Qxa1+ 33. Kd2
Qxa2 34. e6 Qa5+ 35. c3 Re8 36. Kd3 Qb5+ 37. Kd2 Qxb3 38. Nd4 Qb2+ 39. Kd3 c5
40. Rxb2 cxd4 41. Kxd4 Rxe6 42. Kxd5 Rg6 43. Rh2 Kc7 44. Kc4 Kc6 45. Kb3 b5 46.
c4 Kc5 47. cxb5 axb5 48. Rc2+ Kb6 49. Rh2 Rg4 50. Rh3 b4 51. Rh2 Kb5 52. Rh3 Kc5
53. Ka4 Kc4 54. Rb3 Kc5 55. Rh3 Rc4 56. Kb3 Rg4 57. Ka4 Kd5 58. Rh2 Ke5 59. Rh3
Kf5 60. Rf3+ Rf4 61. Rh3 Kg4 62. Rh1 Kg3 63. Rg1+ Kxh4 64. Rg7 Rg4 65. Rh7 Rg5
66. Kxb4 Kg4 67. Kc3 h4 68. Kd2 Kg3 69. Ke2 Rg4 70. Kf1 Kh2 71. Kf2 h3 72. Rh6
Rg2+ 73. Kf3 Rg3+ 74. Kf2 Rg7 75. Rh8 Rf7+ 76. Ke3 Kg2 77. Rg8+ Kh1 78. Ke2 h2
79. Ke3 Rf1 80. Ke2 Rg1 81. Rf8 Rg3 82. Kf2 Rg7 83. Kf1 Rg1+ 84. Kf2 Rg2+ 85.
Kf1 Ra2 86. Rf7 Ra1+ 87. Kf2 Ra2+ 88. Kf1 Ra1+ 89. Kf2 Rg1 90. Rf8 {Game drawn
by mutual agreement} 1/2-1/2  aics%